 Dungeon Crawl Stone Soup version 0.31-a0-965-g8a8ce12e04 (webtiles) character file.

Game seed: 4090544850721596125

4013 Shayle the Fighter (level 10, -13/110 HPs)
             Began as an Ogre Hexslinger on Oct 26, 2023.
             Was an Initiate of Uskayaw.
             Mangled by a yak (15 damage)
             ... on level 8 of the Dungeon.
             The game lasted 00:36:30 (9607 turns).

Shayle the Fighter (Ogre Hexslinger)                Turns: 9607, Time: 00:36:30

Health: -13/110    AC:  5    Str: 14    XL:     10   Next: 23%
Magic:  0/15       EV: 14    Int: 16    God:    Uskayaw [......]
Gold:   276        SH:  5    Dex: 19    Spells: 9/11 levels left

rFire   . .          .
                       - Unarmed
rCold   . . .        (no shield)
rNeg    . . .        C - +2 robe {Will+}
rPois   .            u - +0 hat
rElec   .            (no cloak)
rCorr   .            (gloves unavailable)
SInv    .            (boots unavailable)
Will    +....        m - amulet of reflection
Stlth   ++           w - +6 ring of dexterity
HPRegen 0.38/turn    (no ring)
MPRegen 0.14/turn

%: reflection
@: mighty, weak-willed, jinxed
A: large, unfitting armour, tough skin 1
a: Renounce Religion


You were on level 8 of the Dungeon.
You worshipped Uskayaw.
Uskayaw was noncommittal.
You visited 2 branches of the dungeon, and saw 9 of its levels.

You collected 412 gold pieces.
You spent 136 gold pieces at shops.

Inventory:

Hand Weapons
 a - a +3 sling of flaming
 t - a +1 short sword of venom
 x - a +2 dagger of venom
 y - the +7 flail of Tirinu {flame, Contam rC+ Will+}
   (You found it on level 7 of the Dungeon)

   rC+:       It protects you from cold.
   Will+:     It increases your willpower.
   Contam:    It causes magical contamination when unequipped.
 B - a +3 trident of draining
Armour
 u - a +0 hat (worn)
 C - a +2 robe of willpower (worn)
Jewellery
 e - an amulet of guardian spirit
 k - the ring "Udischia" {rPois Str+2 Int+6 Dex-5}
   (You found it on level 5 of the Dungeon)

   [ring of intelligence]

   Str+2:     It affects your strength (+2).
   Int+6:     It affects your intelligence (+6).
   Dex-5:     It affects your dexterity (-5).
   rPois:     It protects you from poison
 m - an amulet of reflection (around neck)
 w - a +6 ring of dexterity (left hand)
Wands
 d - a wand of flame (56)
 A - a wand of iceblast (4)
Scrolls
 b - a scroll of enchant weapon
 g - 2 scrolls of enchant armour
 o - a scroll of amnesia
 q - a scroll of fear
 s - a scroll of blinking
 z - a scroll of poison
Potions
 f - 2 potions of cancellation
 h - a potion of might
 i - 2 potions of mutation
 j - 2 potions of lignification
 l - a potion of degeneration {unknown}
 n - 3 potions of magic
 p - a potion of enlightenment {unknown}
 r - 2 potions of curing
 v - a potion of attraction {unknown}


   Skills:
 + Level 9.9 Fighting
 - Level 1.3 Ranged Weapons
 + Level 7.0 Dodging
 + Level 6.7 Unarmed Combat
 - Level 1.2 Spellcasting
 - Level 2.6 Hexes
 - Level 0.8 Fire Magic
 + Level 6.9 Invocations


You had 9 spell levels left.
You knew the following spells:

 Your Spells              Type           Power      Damage    Failure   Level
a - Jinxbite              Hex            18%        N/A       12%         2

Your spell library contained the following spells:

 Spells                   Type           Power      Damage    Failure   Level
 Apportation              Tloc           0%         N/A       22%         1
 Kiss of Death            Conj/Necr      0%         2d5       22%         1
 Shock                    Conj/Air       0%         1d3       22%         1
 Sting                    Tmut/Pois      0%         1d3       22%         1
 Sigil of Binding         Hex            9%         N/A       22%         3
 Inner Flame              Hex/Fire       6%         N/A       32%         3
 Cigotuvi's Dreadful Rot  Necr/Pois/Air  0%         N/A       34%         2
 Passwall                 Tmut/Erth      0%         N/A       34%         2
 Poisonous Vapours        Pois/Air       0%         N/A       34%         2
 Summon Guardian Golem    Hex/Summ       5%         N/A       36%         3
 Swiftness                Air            0%         N/A       56%         3
 Cause Fear               Hex            4%         N/A       58%         4
 Dimensional Bullseye     Hex/Tloc       2%         N/A       78%         4
 Airstrike                Air            0%         2d(0-16)  92%         4
 Animate Dead             Necr           0%         N/A       92%         4
 Dispel Undead            Necr           0%         3d6       92%         4
 Olgreb's Toxic Radiance  Pois           0%         N/A       92%         4
 Petrify                  Tmut/Erth      0%         N/A       92%         4
 Alistair's Intoxication  Tmut/Pois      0%         N/A       99%         5
 Death Channel            Necr           0%         N/A       100%        6
 Orb of Destruction       Conj           0%         9d5       100%        7
 Spellforged Servitor     Conj/Summ      0%         N/A       100%        7
 Death's Door             Necr           0%         N/A       100%        9


Dungeon Overview and Level Annotations

Branches:
Dungeon (8/15)             Temple (1/1) D:4
   Lair: D:8-11

Altars:
Ashenzari
Cheibriados
Dithmenos
Elyvilon
Fedhas
Hepliaklqana
Kikubaaqudgha
Makhleb
Nemelex Xobeh
Okawaru
Qazlal
Ru
Sif Muna
Uskayaw
Vehumet
Wu Jian
Xom
Yredelemnul
Zin
The Shining One

Shops:
D:4 *   D:7 :

Annotations:
D:7 2 transporters, Fodor's ghost, novice MiFi


Innate Abilities, Weirdness & Mutations

You are too large for most types of armour.
You have tough skin. (AC +1)


Message History

You barely miss the gargoyle.
The gargoyle hurls a stone arrow at you.
The stone arrow hits you!!
* * * LOW HITPOINT WARNING * * *
The yak gores you!
* * * LOW HITPOINT WARNING * * *
Unknown command.
You barely miss the gargoyle. You block the yak's attack.
The gargoyle barely misses you.
Casting: Jinxbite (safe; 12% risk of failure)
Confirm with . or Enter, or press ? or * to list all spells.
You beckon some vexing sprites to accompany your attacks.
You feel your willpower being sapped. The yak gores you but does no damage.
The gargoyle barely misses you.
Unknown command.
You punch the gargoyle!
The gargoyle is moderately damaged.
The yak barely misses you.
The gargoyle hits you with a +0 dire flail.
* * * LOW HITPOINT WARNING * * *
You can now stomp with the beat.
You hit the gargoyle.
The gargoyle is moderately damaged.
Unknown command.
You hit the gargoyle but do no damage.
The gargoyle is moderately damaged.
The yak closely misses you. The gargoyle closely misses you.
You closely miss the gargoyle.
The gargoyle is moderately damaged.
The yak gores you!
* * * LOW HITPOINT WARNING * * *
The gargoyle hits you with a +0 dire flail!
* * * LOW HITPOINT WARNING * * *
Unknown command.
You stomp with the beat, sending a shockwave through the revellers around you!
The yak is moderately wounded.
The gargoyle is severely damaged.
You can no longer stomp with the beat.
The yak gores you!
You die...

#..................
... .
########.........##
### .. #.########..
#.#.. # #.#.# #.#.#
#.#.# #######.#9#
#...##..#@#
#.......#Y#
#..>##...#.#
#...##...#.#
#...##...#.#
#...##...#.#
#...###..#.# #...#
#..#.# ....# #..#..


You could see a yak and a gargoyle.

Vanquished Creatures
  Pikel (D:5)
  An ugly thing (D:8)
  Jeremiah (D:8)
  A steam dragon (D:8)
  A water moccasin (D:6)
  Duvessa (D:5)
  A black bear (D:6)
  2 orc warriors
  A sky beast (D:6)
  3 ice beasts (D:6)
  3 ogres
  A phantom (D:5)
  5 centaurs
  Blork the orc (D:5)
  2 scorpions
  A bullfrog (D:6)
  Dowan (D:5)
  A howler monkey (D:7)
  3 hounds
  6 jellies
  An orc priest (D:4)
  2 sleepcaps
  A gnoll bouda (D:7)
  5 iguanas
  5 orc wizards
  9 adders
  A shadow imp (D:5)
  4 ufetubi (D:6)
  4 worms
  2 dart slugs
  13 orcs
  5 ball pythons
  4 endoplasms
  9 giant cockroaches
  7 goblins
  8 hobgoblins
  4 quokkas
  4 bats
  6 frilled lizards
  6 kobolds
  5 rats
142 creatures vanquished.

Vanquished Creatures (others)
  An iguana (D:4)
1 creature vanquished.

Grand Total: 143 creatures vanquished

Notes
Turn   | Place    | Note
-------+----------+-------------------------------------------
     0 | D:1      | Shayle the Ogre Hexslinger began the quest for the Orb.
     0 | D:1      | Reached XP level 1. HP: 19/19 MP: 2/2
   219 | D:1      | Reached XP level 2. HP: 28/28 MP: 3/3
   226 | D:1      | Reached skill level 2 in Fighting
   652 | D:1      | Reached skill level 1 in Unarmed Combat
   951 | D:2      | Reached XP level 3. HP: 29/36 MP: 4/4
  1164 | D:2      | Learned a level 2 spell: Jinxbite
  1289 | D:2      | Reached skill level 3 in Fighting
  1381 | D:2      | Reached XP level 4. HP: 33/45 MP: 1/5
  2571 | D:3      | Reached XP level 5. HP: 54/54 MP: 3/6
  2876 | D:4      | Reached skill level 4 in Fighting
  2895 | D:4      | Found Juhoel's General Store.
  2906 | D:4      | Bought a scroll of blinking for 97 gold pieces
  2906 | D:4      | Bought a potion of curing for 39 gold pieces
  2993 | D:4      | Noticed an orc warrior
  3019 | D:4      | Killed an orc warrior
  3020 | D:4      | Reached XP level 6. HP: 57/63 MP: 2/7
  3141 | D:5      | Entered Level 5 of the Dungeon
  3575 | D:4      | Reached skill level 5 in Fighting
  3970 | D:4      | Found a staircase to the Ecumenical Temple.
  3975 | Temple   | Entered the Ecumenical Temple
  3988 | Temple   | Became a worshipper of Uskayaw the Reveller
  4246 | D:5      | Reached * piety under Uskayaw
  4425 | D:5      | Reached ** piety under Uskayaw
  4821 | D:5      | Noticed Pikel
  4838 | D:5      | Reached *** piety under Uskayaw
  4840 | D:5      | Reached **** piety under Uskayaw
  4843 | D:5      | Killed Pikel
  4844 | D:5      | Reached skill level 6 in Fighting
  4844 | D:5      | Reached XP level 7. HP: 18/76 MP: 0/9
  4844 | D:5      | Reached XP level 8. HP: 20/84 MP: 0/10
  5130 | D:5      | Noticed Blork the orc
  5145 | D:5      | HP: 2/84 [centaur/arrow (15)]
  5147 | D:5      | Killed Blork the orc
  5180 | D:6      | Identified the "Lucotoll"
  5501 | D:5      | Noticed Duvessa
  5501 | D:5      | Noticed Dowan
  5508 | D:5      | Killed Duvessa
  5509 | D:5      | Reached skill level 7 in Fighting
  5509 | D:5      | Reached skill level 5 in Dodging
  5524 | D:5      | Killed Dowan
  6130 | D:5      | Reached skill level 5 in Unarmed Combat
  6154 | D:5      | Reached XP level 9. HP: 85/96 MP: 9/12
  6176 | D:5      | Reached skill level 8 in Fighting
  6180 | D:5      | Identified the ring "Udischia" {rPois Str+2 Int+6 Dex-5}
  6530 | D:6      | Reached skill level 5 in Invocations
  6963 | D:6      | You fall into a shaft and drop 2 floors!
  6976 | D:7      | Found Geitalakk's Book Boutique.
  7059 | D:6      | Found a sparkling altar of Nemelex Xobeh.
  7077 | D:6      | Found a blossoming altar of Fedhas.
  7129 | D:6      | Found a snail-covered altar of Cheibriados.
  7671 | D:7      | Found a transporter.
  7675 | D:7      | Found a transporter.
  7675 | D:7      | Noticed Fodor's ghost (novice MiFi)
  7676 | D:7      | Noticed a troll
  7676 | D:7      | Noticed a hornet
  8169 | D:7      | Reached skill level 9 in Fighting
  8396 | D:7      | Noticed a gargoyle
  9137 | D:7      | Identified the +7 flail of Tirinu {flame, Contam rC+ Will+}
  9344 | D:8      | Noticed Jeremiah
  9359 | D:8      | Killed Jeremiah
  9360 | D:8      | Reached XP level 10. HP: 67/109 MP: 8/14
  9541 | D:8      | Noticed a green ugly thing
  9552 | D:8      | Noticed a manticore
  9567 | D:8      | Killed a green ugly thing
  9591 | D:8      | Noticed a gargoyle
  9606 | D:8      | HP: 1/110 [gargoyle/+0 dire flail (8)]
  9607 | D:8      | Mangled by a yak

Illustrated notes

Levels and vault maps discovered:
D:1:      matt_arrival_los_fun, layout_basic, st_stairs_11,
          hangedman_decor_points
D:2:      layout_loops_cross, nicolae_figureground_pulse
D:3:      layout_basic
D:4:      layout_loops_cross, minmay_temple_entry_nine_rooms, serial_shops,
          nicolae_shop_gibbet_a_chance
D:5:      minmay_octagon_keep, layout_basic, minmay_liquid_box,
          hangedman_decor_opposing, nrook_campfire, uniq_duvessa,
          uniq_blork_the_orc, uniq_pikel
D:6:      layout_rooms, mainiacjoe_overflow_surrounded_room,
          nicolae_overflow_hidden_temple, kennysheep_dice
D:7:      layout_basic, gammafunk_ghost_arena, serial_shops, shop,
          minmay_between
D:8:      minmay_distorted_concentric_squares, layout_basic, minmay_evil_grid,
          uniq_jeremiah
Temple:   bh_familiar_temple

Skill      XL: |  1  2  3  4  5  6  7  8  9 10 |
---------------+-------------------------------+-----
Dodging        | 2 3 4 5 6 7 |  7.0
Fighting       | 2 3 4 6 7 9 |  9.9
Unarmed Combat | 1 2 4 5 6 |  6.7
Invocations    | 2 4 6 |  6.9
Ranged Weapons | |  1.3
Spellcasting   | |  1.2
Hexes          | |  2.6
Fire Magic     | |  0.8

Action                     |  1- 3 |  4- 6 |  7- 9 | 10-12 || total
---------------------------+-------+-------+-------+-------++-------
  Melee: Sling             |       |     4 |       |       ||     4
         Short sword       |       |       |     5 |    22 ||    27
         Unarmed           |       |       |       |     7 ||     7
         Trident           |       |       |       |     1 ||     1
         Punch             |       |       |       |     1 ||     1
   Fire: Sling             |   122 |   240 |   234 |       ||   596
   Cast: Jinxbite          |     4 |    26 |    47 |     3 ||    80
 Invoke: Stomp             |       |       |     6 |     5 ||    11
         Line Pass         |       |       |    10 |       ||    10
  Evoke: Wand              |       |       |     2 |     1 ||     3
    Use: Scroll            |       |    12 |     4 |     1 ||    17
         Potion            |       |     4 |     2 |     3 ||     9
   Stab: Sleeping          |       |       |     1 |     1 ||     2
 Armour: Robe              |    64 |   137 |   152 |    18 ||   371
         Skin              |       |     4 |       |    10 ||    14
  Dodge: Dodged            |    53 |    68 |   131 |    12 ||   264
  Block: Other             |       |    39 |    57 |    10 ||   106
         Reflection        |       |       |     7 |       ||     7

Table legend: (Time is in decaauts)
 A = Elapsed time spent in this place.
 B = Non-inter-level travel time spent in this place.
 C = Inter-level travel time spent in this place.
 D = Time resting spent in this place.
 E = Time spent auto-exploring this place.
 F = Levels seen in this place.
 G = Mean time per level.
                   A        B        C        D        E       F      G
               +--------+--------+--------+--------+--------+-----+--------+
         Total |   9820 |   9222 |    598 |   1749 |   5492 |   9 | 1091.1 |
       Dungeon |   9799 |   9208 |    591 |   1749 |   5492 |   8 | 1224.9 |
        Temple |     20 |     13 |      7 |      0 |      0 |   1 |   20.0 |
               +--------+--------+--------+--------+--------+-----+--------+

Top non-repeatable levels by time:
     D:5: 2694 daAuts
     D:6: 1746 daAuts
     D:4: 1245 daAuts
     D:3: 1083 daAuts
     D:2: 1034 daAuts
     D:1: 876 daAuts
     D:7: 845 daAuts
     D:8: 273 daAuts
  Temple: 20 daAuts
